 Dungeon Sprint DCSS version 0.30-a0-57-g8b159a9891 (webtiles) character file.

Game seed: 11432991768069374500

3 Conn the Firebug (level 1, -4/11 HPs)
             Began as an Octopode Fire Elementalist on Sept 11, 2022.
             Slain by a scorpion (6 damage)
             ... in the Dungeon (Sprint II: "The Violet Keep of Menkaure").
             The game lasted 00:00:46 (34 turns).

Conn the Firebug (Octopode Fire Elementalist)         Turns: 34, Time: 00:00:46

Health: -4/11      AC:  1    Str:  7    XL:     1   Next: 50%
Magic:  2/3        EV: 13    Int: 17    God:
Gold:   243        SH:  0    Dex: 12    Spells: 3/4 levels left

rFire   . . .      SeeInvis .    (no weapon)
rCold   . . .      Faith    .    (no shield)
rNeg    . . .      Spirit   .    (helmet restricted)
rPois   .          Reflect  .    (no amulet)
rElec   .          Harm     .    (no ring)
rCorr   .          Rampage  .    (no ring)
Will    .....      NoTele   +    (no ring)
Stlth   +++.......               (no ring)
HPRegen 0.03/turn                (no ring)
MPRegen 0.08/turn                (no ring)
                                 (no ring)
                                 (no ring)

@: lethally poisoned (-4 -> -10), on berserk cooldown, hasted and slowed
A: almost no armour, amphibious, 8 rings, camouflage 1, gelatinous body 1,
(nimble swimmer 1), tentacles
a: no special abilities


You were in the Dungeon.
You visited 1 branch You collected 243 gold pieces.

Inventory:

Scrolls
 f - a scroll of blinking
Potions
 a - 3 potions of magic
 b - a potion of curing
 c - a potion of heal wounds


   Skills:
 + Level 2.2 Dodging
 + Level 3.0 Stealth
 * Level 2.2 Spellcasting
 * Level 1.0 Conjurations
 + Level 3.8 Fire Magic


You had 3 spell levels left.
You knew the following spells:

 Your Spells              Type           Power      Damage    Failure   Level
a - Foxfire               Conj/Fire      40%        2x1d6     7%          1

Your spell library contained the following spells:

 Spells                   Type           Power      Damage    Failure   Level
 Scorch                   Fire           28%        2d6       6%          2
 Conjure Flame            Conj/Fire      10%        6-21      21%         3
 Inner Flame              Hex/Fire       8%         N/A       26%         3
 Flame Wave               Conj/Fire      10%        2d6       56%         4


Dungeon Overview and Level Annotations

Branches:
Dungeon (1/1)

Altars:


Innate Abilities, Weirdness & Mutations

You cannot wear most types of armour.
You are amphibious.
You can wear up to eight rings at the same time.
Your skin changes colour to match your surroundings (Stealth+).
Your rubbery body absorbs attacks. (AC +1, EV +1)
((You are camouflaged when in or above water. (Stealth+)))
You have tentacles for arms and can constrict up to eight enemies at once.


Message History

Unknown command.
You barely miss the worm. You squeeze the worm.
You kill the worm!
Your Stealth skill increases to level 3!
There is an open door here.
You see here 243 gold pieces.
You now have 243 gold pieces.
There is an open door here.
You close the door.
There is a staircase leading out of the dungeon here.
Okay, then.
Unknown command.
You open the door.
A merfolk siren comes into view. It is wielding a +1 trident of venom.
You close the door.
There is a staircase leading out of the dungeon here.
You open the door. 4 scorpions come into view.
You feel yourself speed up.
A red film seems to cover your vision as you go berserk!
You feel yourself moving faster!
You feel mighty!
Unknown command.
You completely miss the scorpion. Your grab misses the scorpion.
You closely miss the scorpion. Your grab misses the scorpion.
The scorpion stings you.
You barely miss the scorpion. Your grab misses the scorpion.
The scorpion stings you!
You are lethally poisoned!
The scorpion poisons you!
You feel sick.
There is a staircase leading out of the dungeon here.
You feel a strong urge to attack something.
You feel sick.
* * * LOW HITPOINT WARNING * * *
You feel sick.
You feel your anger nearly subside.
You are no longer berserk.
You are exhausted.
You feel yourself slow down. The scorpion stings you.
Ouch! That really hurt!
You die... ### ### .. .. s#s

#'#
##s####
+.s.+.#
##@##w..#
#+###.##
... ##
..#m. ##.
.## ## ##


You could see 4 scorpions.

Vanquished Creatures
  A worm (D)
1 creature vanquished.

Vanquished Creatures (others)
  5 foxfires (D)
5 creatures vanquished.

Grand Total: 6 creatures vanquished

Notes
Turn   | Place    | Note
-------+----------+-------------------------------------------
     0 | D        | Conn the Octopode Fire Elementalist began the quest for the
                  | Orb.
     0 | D        | Reached XP level 1. HP: 11/11 MP: 3/3
    21 | D        | Noticed a merfolk siren
    25 | D        | Noticed a scorpion
    25 | D        | Noticed a scorpion
    25 | D        | Noticed a scorpion
    25 | D        | Noticed a scorpion
    34 | D        | Slain by a scorpion

Illustrated notes

Levels and vault maps discovered:
D:        the_violet_keep_of_menkaure [sprint2_stairs_cluster_1,
          sprint2_shoproom, sprint2_temple, sprint2_basic_supplies,
          sprint2_obstacle_4, sprint2_obstacle_3, sprint2_obstacle_5,
          sprint2_obstacle_6, sprint2_obstacle_1, sprint2_timed_cluster_1,
          sprint2_smallroom_cluster_1, sprint2_smallroom_final_cluster_1,
          sprint2_transparent_cluster_1, sprint2_second_timed_cluster_1,
          sprint2_sniper_area_1, sprint2_heavy_combat_area_1,
          sprint2_mutation_trap_area_1, sprint2_forest_area_1,
          sprint2_light_combat_area_1, sprint2_behind_water_1,
          sprint2_near_end_vault_1]

Skill      XL: |  1 |
---------------+----+-----
Stealth        | 3 |  3.0
Dodging        | |  2.2
Spellcasting   | |  2.2
Conjurations   | |  1.0
Fire Magic     | |  3.8

Action                   || total
-------------------------++-------
Melee: Unarmed           ||     5
       Constrict         ||     1
       Tentacles         ||     1
 Cast: Foxfire           ||     3
  Use: Potion            ||     2

Table legend: (Time is in decaauts)
 A = Elapsed time spent in this place.
 B = Non-inter-level travel time spent in this place.
 C = Inter-level travel time spent in this place.
 D = Time resting spent in this place.
 E = Time spent auto-exploring this place.
 F = Levels seen in this place.
 G = Mean time per level.
                   A        B        C        D        E       F      G
               +--------+--------+--------+--------+--------+-----+--------+
         Total |     31 |     31 |      0 |      0 |      0 |   1 |   31.0 |
       Dungeon |     31 |     31 |      0 |      0 |      0 |   1 |   31.0 |
               +--------+--------+--------+--------+--------+-----+--------+

Top non-repeatable levels by time:
       D: 31 daAuts
